AoeStats
← Rodrigo Lao Tse

Arabia

508487773Analyzed
1v1 RM · 9d ago on Sep 22, 2026· 48m 27s· 2 players
Game mode
Random Map
Map size
Tiny (2 player)
Population
200
Speed
Normal
Resources
Standard
Victory
Conquest
Starting age
Dark Age
Ending age
Imperial Age
RankedLock teamsTeams togetherTeam positionsShared explorationLock speedFull tech treeHidden civsTurbo modeCheats
Victory
Defeat
🇨🇱 Maya · Chile
886
+18
🇬🇧 Koreans · United Kingdom
855
-15
njr0210
7:25 Loom
10:12 Feudal Age
24:53 Castle Age
30:56 Double-Bit Axe
32:02 Wheelbarrow
34:05 Elite Skirmisher
35:39 Fletching
35:57 Scale Barding Armor
39:21 Forging
40:47 Light Cavalry
41:29 Husbandry
47:31 Iron Casting
Rodrigo Lao Tse
0:26 Loom
9:42 Feudal Age
19:28 Fletching
20:46 Wheelbarrow
25:48 Castle Age
26:09 Crossbowman
26:56 Thumb Ring
27:07 Bodkin Arrow
27:46 Elite Skirmisher
29:36 Double-Bit Axe
32:30 Padded Archer Armor
35:52 Leather Archer Armor
41:06 Hand Cart
40:43 Stone Mining
40:46 Gold Mining
42:00 Town Watch
46:30 Imperial Age
Connection lost

Rejoining the realm…

Still unreachable

The connection could not be restored.

Session expired

The server has moved on; the page needs a fresh start.